 Dungeon Crawl Stone Soup version 0.30-a0-1035-g38d5fb2972 (webtiles) character file.

Game seed: 16260608452295376412

181 DeathPants the Stinger (level 5, -9/42 HPs)
             Began as a Naga Venom Mage on Apr 8, 2023.
             Killed by divine providence
             ... invoked by an orc priest
              (14 damage)
             ... on level 3 of the Dungeon.
             The game lasted 00:11:02 (3725 turns).

DeathPants the Stinger (Naga Venom Mage)            Turns: 3725, Time: 00:11:02

Health: -9/42      AC:  4    Str: 11    XL:     5   Next: 61%
Magic:  9/19       EV: 10    Int: 19    God:
Gold:   200        SH:  0    Dex: 13    Spells: 4/10 levels left

rFire   . . .      SeeInvis +    a - +0 short sword (speed)
rCold   . . .      Faith    .    w - orb of Ecihe {guile, rElec Int+2 Dex+2 Stlth+}
rNeg    . . .      Spirit   .    m - +0 robe
rPois   +          Reflect  .    (no helmet)
rElec   +          Rampage  .    k - +0 cloak
rCorr   .                        t - +0 pair of gloves
Will    .....                    (no barding)
Stlth   +++                      j - amulet of magic regeneration
HPRegen 0.27/turn                p - ring of magical power
MPRegen 0.56/turn                (no ring)

@: very slow
A: AC +1, large, see invisible, deformed body, poison resistance, slowness 2,
spit poison 1, naga tail 1
a: Spit Poison


You were on level 3 of the Dungeon.
You visited 1 branch of the dungeon, and saw 4 of its levels.

You collected 200 gold pieces.

Inventory:

Hand Weapons
 a - a +0 short sword of speed (weapon)
 i - a +0 short sword
 u - a +2 long sword of holy wrath
Missiles
 r - 7 boomerangs
Armour
 k - a +0 cloak (worn)
 m - a +0 robe (worn)
 t - a +0 pair of gloves (worn)
 v - a +0 cloak
 w - the orb of Ecihe (worn) {guile, rElec Int+2 Dex+2 Stlth+}
   (You found it on level 3 of the Dungeon)

   Int:       It affects your intelligence (+2).
   Dex:       It affects your dexterity (+2).
   rElec:     It insulates you from electricity.
   Stlth:     It makes you more stealthy.
Jewellery
 j - an amulet of magic regeneration (around neck)
 l - a ring of ice
 p - a ring of magical power (left hand)
Scrolls
 d - a scroll of teleportation {unknown}
 g - a scroll of vulnerability {unknown}
 h - a scroll of brand weapon {unknown}
 o - a scroll of enchant armour {unknown}
 q - 2 scrolls of blinking {unknown}
Potions
 b - 2 potions of magic
 c - a potion of cancellation
 e - 2 potions of mutation
 f - 2 potions of curing {unknown}
 n - a potion of berserk rage {unknown}
 s - a potion of degeneration {unknown}


   Skills:
 - Level 1.5 Dodging
 - Level 3.0 Stealth
 * Level 3.3 Spellcasting
 - Level 1.0 Transmutations
 * Level 2.3 Air Magic
 - Level 6.0 Poison Magic


You had 4 spell levels left.
You knew the following spells:

 Your Spells              Type           Power      Damage    Failure   Level
a - Sting                 Tmut/Pois      64%        1d6       3%          1
b - Poisonous Vapours     Pois/Air       38%        N/A       4%          2
c - Mephitic Cloud        Conj/Pois/Air  13%        N/A       14%         3

Your spell library contained the following spells:

 Spells                   Type           Power      Damage    Failure   Level
 Olgreb's Toxic Radiance  Pois           26%        N/A       12%         4


Dungeon Overview and Level Annotations

Branches:
Dungeon (4/15)
 Temple: D:4-7

Altars:

Annotations:
D:3 1 runed translucent door, Scrimshaw's ghost, amateur DEHu


Innate Abilities, Weirdness & Mutations

Your serpentine skin is tough. (AC +1)
You have supernaturally acute eyesight. (SInv)
Armour fits poorly on your strangely shaped body.
Your system is resistant to poisons. (rPois)
You cover ground very slowly.
You can spit poison.
You have a snake-like lower body.


Message History

The kobold misses you. The orc priest barely misses you.
Aiming: Poisonous Vapours (safe; 4% risk of failure)
Press: ? - help, Q - select action, (/) - cycle Dir - move target, f/p - kobold
Aim: a kobold, wielding a +0 dagger of holy wrath (moderately wounded, very poisoned) Poisonous vapours surround the kobold!
The kobold looks as sick as possible!
The kobold hits you but does no damage. The orc priest hits you with a +0 club.
Aiming: Poisonous Vapours (safe; 4% risk of failure)
Press: ? - help, Q - select action, (/) - cycle Dir - move target, f/p - kobold
Aim: a kobold, wielding a +0 dagger of holy wrath (severely wounded, extremely poisoned) Poisonous vapours surround the kobold!
The kobold looks as sick as possible!
You kill the kobold!
The orc priest hits you but does no damage.
Aiming: Poisonous Vapours (safe; 4% risk of failure)
Press: ? - help, Q - select action, (/) - cycle Dir - move target, f - orc priest
Aim: an orc priest, wielding a +0 club Poisonous vapours surround the orc priest!
The orc priest is poisoned.
The orc priest barely misses you.
Aiming: Poisonous Vapours (safe; 4% risk of failure)
Press: ? - help, Q - select action, (/) - cycle Dir - move target, f/p - orc priest
Aim: an orc priest, wielding a +0 club (lightly wounded, poisoned) Poisonous vapours surround the orc priest!
The orc priest looks even sicker.
The orc priest hits you with a +0 club.
Aiming: Poisonous Vapours (safe; 4% risk of failure)
Press: ? - help, Q - select action, (/) - cycle Dir - move target, f/p - orc priest
Aim: an orc priest, wielding a +0 club (moderately wounded, very poisoned) Poisonous vapours surround the orc priest!
The orc priest looks as sick as possible!
The orc priest mumbles some strange prayers to Beogh against you.
Pain shoots through your body!
* * * LOW HITPOINT WARNING * * *
Aiming: Poisonous Vapours (safe; 4% risk of failure)
Press: ? - help, Q - select action, (/) - cycle Dir - move target, f/p - orc priest
Aim: an orc priest, wielding a +0 club (moderately wounded, extremely poisoned) Poisonous vapours surround the orc priest!
The orc priest looks as sick as possible!
The orc priest calls down the wrath of Beogh upon you.
Beogh smites you!
You die...

#......# ##.##########
#......###### #...........#
#........<..# #..########.#
#...........# #...#.......#
########.....#####........####
.............'.......#.##.#.#
.##..........#####+#.#.#....#####
.##....<.............#.#.........
.##.............@....#.#########.
###.......###..).o...#.......# #.
# #.......# ############.....# #.
# #.......#######.>.#........# #.
# #.......#..........###.#...# #.
# #.......#..รท..#.#......#...#
#. # #.......#.....#.#..#.#.#...#
## #########.....#........#...#
#.....######.......#


You could see an orc priest (extremely poisoned).

Vanquished Creatures
  A sleepcap (D:3)
  4 gnolls (D:2)
  4 adders
  A worm (D:3)
  3 dart slugs
  4 orcs (D:3)
  7 endoplasms
  5 giant cockroaches
  6 hobgoblins
  7 jackals
  A quokka (D:1)
  3 ball pythons
  6 bats
  2 frilled lizards
  5 kobolds
  6 rats
65 creatures vanquished.

Vanquished Creatures (others)
  A plant (D:1)
  2 withered plants (D:3)
3 creatures vanquished.

Grand Total: 68 creatures vanquished

Notes
Turn   | Place    | Note
-------+----------+-------------------------------------------
     0 | D:1      | DeathPants the Naga Venom Mage began the quest for the Orb.
     0 | D:1      | Reached XP level 1. HP: 15/15 MP: 3/3
   181 | D:1      | Reached XP level 2. HP: 15/22 MP: 0/5
   236 | D:1      | Learned a level 2 spell: Poisonous Vapours
   672 | D:1      | Reached skill level 5 in Poison Magic
   674 | D:1      | Reached XP level 3. HP: 21/28 MP: 3/6
  1536 | D:2      | Reached XP level 4. HP: 31/36 MP: 8/8
  1654 | D:2      | Learned a level 3 spell: Mephitic Cloud
  2023 | D:2      | Reached skill level 6 in Poison Magic
  2040 | D:2      | Reached skill level 1 in Air Magic
  2334 | D:3      | Reached XP level 5. HP: 42/42 MP: 7/9
  2413 | D:3      | Found a faded altar of an unknown god.
  3068 | D:3      | Identified the orb of Ecihe {guile, rElec Int+2 Dex+2
                  | Stlth+}
  3229 | D:3      | Found a runed translucent door.
  3230 | D:3      | Noticed Scrimshaw's ghost (amateur DEHu)
  3725 | D:3      | Killed from afar by an orc priest

Illustrated notes

Levels and vault maps discovered:
D:1:      ncdulo_lavacross, layout_basic, serial_bayou_lagoon_a,
          minmay_misc_feat_room, minmay_pentomino_t2
D:2:      layout_loops_cross, minmay_tripent
D:3:      layout_basic, hellmonk_ecumenical_altar_crossroads,
          gammafunk_ghost_grave
D:4:      layout_rooms, makhleb_blood_cavern_becter

Skill      XL: |  1  2  3  4  5 |
---------------+----------------+-----
Poison Magic   | 5 6 |  6.0
Spellcasting   | 3 |  3.3
Air Magic      | 1 2 |  2.3
Dodging        | |  1.5
Stealth        | |  3.0
Transmutations | |  1.0

Action                     |  1- 3 |  4- 6 || total
---------------------------+-------+-------++-------
  Melee: Unarmed           |     5 |       ||     5
         Short sword       |    58 |    80 ||   138
         Punch             |     1 |     1 ||     2
   Cast: Sting             |    44 |    33 ||    77
         Poisonous Vapours |       |    41 ||    41
Ability: Spit Poison       |     2 |       ||     2
    Use: Scroll            |       |     2 ||     2
   Stab: Sleeping          |     2 |     1 ||     3
 Armour: Robe              |    17 |    29 ||    46
  Dodge: Dodged            |    43 |    46 ||    89

Table legend: (Time is in decaauts)
 A = Elapsed time spent in this place.
 B = Non-inter-level travel time spent in this place.
 C = Inter-level travel time spent in this place.
 D = Time resting spent in this place.
 E = Time spent auto-exploring this place.
 F = Levels seen in this place.
 G = Mean time per level.
                   A        B        C        D        E       F      G
               +--------+--------+--------+--------+--------+-----+--------+
         Total |   4651 |   4562 |     89 |    336 |   3321 |   4 | 1162.8 |
       Dungeon |   4651 |   4562 |     89 |    336 |   3321 |   4 | 1162.8 |
               +--------+--------+--------+--------+--------+-----+--------+

Top non-repeatable levels by time:
     D:1: 1794 daAuts
     D:3: 1691 daAuts
     D:2: 1117 daAuts
     D:4: 48 daAuts
